AoeStats
← domiknocker

Nomad

510505327Analyzed
4v4 RM · 16h ago on Oct 1, 2026· 41m 13s· 8 players
Game mode
Random Map
Map size
231×231
Population
200
Speed
Normal
Resources
Standard
Victory
Conquest
Starting age
Dark Age
Ending age
Imperial Age
RankedLock teamsTeams togetherTeam positionsShared explorationLock speedFull tech treeHidden civsTurbo modeCheats
Victory
Defeat
🇦🇺 Huns · Australia
1121
+15
🇹🇼 Britons · Taiwan
1119
+15
🇹🇼 Celts · Taiwan
1092
+16
🇦🇺 Mongols · Australia
1006
+19
🇧🇪 Celts · Belgium
1127
-18
🇮🇩 Teutons · Indonesia
1090
-16
🇧🇪 Japanese · Belgium
1082
-16
🇬🇧 Persians · United Kingdom
1071
-15
Saeer
3:26 Loom
16:23 Feudal Age
17:12 Fishing Lines
17:26 Double-Bit Axe
17:42 Gold Mining
17:42 Town Watch
23:44 Castle Age
21:37 Fletching
21:57 Forging
21:48 Scale Mail Armor
22:44 Arson
23:15 Stone Mining
24:55 Wheelbarrow
26:09 Iron Casting
25:49 Chain Mail Armor
25:30 Bodkin Arrow
26:32 Gillnets
26:59 Bloodlines
26:51 Squires
28:49 Careening
28:51 Clinker Construction
29:02 Ballistics
29:27 Pikeman
30:35 Gambesons
32:18 Medium Warships
32:42 Murder Holes
35:11 Gold Shaft Mining
37:36 Hand Cart
37:25 Town Patrol
38:55 Treadmill Crane
BGz x LH
4:50 Loom
17:11 Feudal Age
24:42 Castle Age
23:09 Double-Bit Axe
24:56 Fletching
25:03 Crossbowman
26:40 Elite Skirmisher
32:31 Bodkin Arrow
32:39 Padded Archer Armor
33:54 Ballistics
33:54 Leather Archer Armor
35:04 Bodkin Arrow
40:53 Imperial Age
40:59 Murder Holes
Hymoteptep
5:38 Loom
5:44 Loom
12:58 Feudal Age
14:32 Wheelbarrow
15:31 Gold Mining
16:29 Double-Bit Axe
16:32 Town Watch
17:26 Fletching
21:09 Fishing Lines
26:18 Castle Age
24:28 Horse Collar
25:17 Padded Archer Armor
26:17 Stone Mining
27:45 Stone Shaft Mining
27:59 Hand Cart
28:41 Gillnets
29:33 Bow Saw
30:17 Gold Shaft Mining
32:27 Forging
32:17 Scale Mail Armor
36:42 Imperial Age
34:15 Pikeman
Q_Djarot
4:25 Loom
火耗龜公
4:09 Loom
14:13 Feudal Age
18:45 Castle Age
16:58 Stone Mining
17:01 Gold Mining
17:36 Double-Bit Axe
19:19 Wheelbarrow
18:30 Town Watch
20:06 Bow Saw
24:06 Hand Cart
27:00 Horse Collar
28:34 Heavy Plow
34:18 Imperial Age
35:21 Conscription
34:32 Elite Woad Raider
34:54 Capped Ram
38:24 Scale Mail Armor
38:34 Forging
39:34 Fervor
39:45 Sanctity
38:58 Siege Ram
40:33 Chain Mail Armor
40:54 Iron Casting
40:08 Heavy Scorpion
41:58 Siege Engineers
jameskobecp6
4:21 Loom
20:39 Feudal Age
21:18 Double-Bit Axe
24:01 Fletching
31:13 Horse Collar
34:37 Scale Barding Armor
34:42 Forging
38:02 Gold Mining
43:19 Castle Age
AbIGwAteRmElOn
4:52 Loom
16:42 Feudal Age
17:19 Town Watch
18:10 Wheelbarrow
17:24 Double-Bit Axe
17:31 Gold Mining
17:36 Stone Mining
17:29 Horse Collar
19:48 Fishing Lines
24:00 Castle Age
23:25 Forging
23:21 Scale Barding Armor
24:11 Bloodlines
25:40 Gold Shaft Mining
25:30 Hand Cart
25:43 Husbandry
25:43 Gillnets
28:13 Bow Saw
29:54 Marauders
32:57 Imperial Age
30:28 Town Patrol
31:54 Chain Barding Armor
32:09 Iron Casting
32:18 Heavy Plow
35:11 Blast Furnace
35:30 Plate Barding Armor
38:06 Two-Man Saw
37:23 Elite Tarkan
38:32 Conscription
domiknocker
7:19 Loom
13:29 Feudal Age
14:16 Double-Bit Axe
14:28 Fishing Lines
22:44 Castle Age
23:50 Wheelbarrow
24:19 Gold Mining
24:24 Fletching
24:35 Padded Archer Armor
24:41 Scale Barding Armor
24:59 Bow Saw
25:39 Thumb Ring
25:53 Bodkin Arrow
27:58 Gold Shaft Mining
28:37 Ballistics
28:14 Murder Holes
36:22 Masonry
39:13 Gillnets
40:31 Coinage
Connection lost

Rejoining the realm…

Still unreachable

The connection could not be restored.

Session expired

The server has moved on; the page needs a fresh start.